 Dungeon Crawl Stone Soup version 0.17.0-57-g0e89251 (webtiles) character file.

133 Fuzzybunny the Skirmisher (level 4, -4/55 HPs)
             Began as a Demonspawn Abyssal Knight on Dec 8, 2015.
             Was a Priest of Lugonu.
             Slain by an ice beast (5 damage)
             ... on level 4 of the Dungeon.
             The game lasted 00:11:04 (2760 turns).

Fuzzybunny the Skirmisher (DsAK)                    Turns: 2760, Time: 00:11:05

Health: -4/55      AC: 22    Str: 13    XL:     4   Next: 94%
Magic:  5/5        EV:  2    Int: 14    God:    Lugonu [***...]
Gold:   180        SH:  0    Dex: 12    Spells: 0 memorised, 3 levels left

rFire  + . .     SeeInvis .     a - +1 mace
rCold  + . .     Clarity  .     (armour currently unavailable)
rNeg   + + +     SustAt   .     (no shield)
rPois  +         Gourm    .     (helmet currently unavailable)
rElec  +         Spirit   .     (cloak currently unavailable)
rCorr  +         Warding  .     (gloves currently unavailable)
rMut   .         NoTele   +     (boots currently unavailable)
MR     .....                    (no amulet)
Stlth  +.........               (no ring)
                                (no ring)

@: tree-form, resistant, not resistant to hostile enchantments, very unstealthy
A: (hooves 0), (icy blue scales 0)
a: Depart the Abyss, Bend Space, Banish, Renounce Religion


You were on level 4 of the Dungeon.
You worshipped Lugonu.
Lugonu was most pleased with you.
You were very hungry.
You were a tree.
You visited 1 branch of the dungeon, and saw 4 of its levels.
You visited the Abyss 1 time.

You collected 180 gold pieces.

Inventory:

Hand Weapons
 a - a +1 mace (weapon)
 j - a cursed -1 dagger
 u - a +2 flail of protection
Armour
 b - a +0 leather armour (melded)
Jewellery
 m - an uncursed amulet of warding {unknown}
Scrolls
 d - 3 scrolls of teleportation {unknown}
 e - a scroll of remove curse {unknown}
 g - 4 scrolls of identify {unknown}
 h - 2 scrolls of random uselessness {unknown}
 k - a scroll of recharging {unknown}
 n - 2 scrolls of amnesia {unknown}
 o - 2 scrolls of enchant weapon {unknown}
 s - a scroll of fear {unknown}
Potions
 f - a potion of ambrosia
 l - a potion of lignification
Books
 p - Sif Muna's Grimoire of Hexes
   (You found it on level 2 of the Dungeon)

   Spells                             Type                      Level
   a - Corona                         Hexes                        1
 q - Vehumet's Disquisition on Confrontation
   (You found it on level 2 of the Dungeon)

   Spells                             Type                      Level
   a - Magic Dart                     Conjuration                  1
 r - Kikubaaqudgha's Reference Book on Dark Secrets
   (You found it on level 2 of the Dungeon)

   Spells                             Type                      Level
   a - Animate Skeleton               Necromancy                   1
Comestibles
 c - 2 bread rations


   Skills:
 + Level 4.2 Fighting
 + Level 2.5 Maces & Flails
 + Level 2.6 Armour
 + Level 1.8 Dodging
 + Level 2.5 Invocations


You had 3 spell levels left.
You didn't know any spells.

Dungeon Overview and Level Annotations

Branches:
Dungeon (4/15)
 Temple: D:4-7

Altars:
Dithmenos
Kikubaaqudgha
Sif Muna
Vehumet


Innate Abilities, Weirdness & Mutations

((You have large cloven feet.))
((You are partially covered in icy blue scales (AC +1).))


Message History

The hound bites you but does no damage.
The ice beast hits you but does no damage.
You hit the ice beast.
The ice beast is heavily wounded.
The hound bites you but does no damage. The ice beast hits you.
* * * LOW HITPOINT WARNING * * *
The ice beast freezes you. You resist.
* * * LOW HITPOINT WARNING * * *
The hound bites you but does no damage.
You hit the ice beast but do no damage.
The ice beast is heavily wounded.
The hound bites you but does no damage.
The ice beast hits you but does no damage.
The hound bites you but does no damage.
You hit the ice beast but do no damage.
The ice beast is heavily wounded.
The hound bites you but does no damage. The ice beast hits you.
* * * LOW HITPOINT WARNING * * *
The ice beast freezes you. You resist.
You die...

#####.. #......
#...... #...... ######
#...... #..... #......
#.#### #.....h###
#....)
#....♣Y###############
#......'..............
#......###.......#####
#......#.........#####
#......#..(......'....
#......#.........#####
#......#...####### #..
#..=...#...# #.#
#........### #.#


You could see an ice beast and a hound.

Vanquished Creatures
  3 gnolls (D:4)
  4 adders (D:2)
  An ooze (D:2)
  A worm (D:3)
  2 giant geckos
  4 orcs
  5 giant cockroaches
  10 goblins
  4 hobgoblins
  5 jackals
  A quokka (D:2)
  A ball python (D:1)
  7 bats
  A giant newt (D:2)
  5 kobolds
  4 rats
58 creatures vanquished.

Notes
Turn   | Place    | Note
--------------------------------------------------------------
     0 | Abyss:1  | Fuzzybunny the Demonspawn Abyssal Knight began the quest for the Orb.
     0 | Abyss:1  | Reached XP level 1. HP: 18/18 MP: 2/2
    43 | D:1      | Escaped the Abyss
   432 | D:1      | Gained mutation: You are partially covered in icy blue scales (AC +1). [demonic ancestry]
   432 | D:1      | Reached XP level 2. HP: 21/24 MP: 3/3
   836 | D:1      | You fall through a shaft!
   872 | D:2      | Reached ** piety under Lugonu
   872 | D:2      | Reached XP level 3. HP: 26/30 MP: 4/4
   877 | D:2      | Reached skill level 1 in Dodging
   914 | D:2      | Reached skill level 4 in Fighting
  1105 | D:2      | Found a deep blue altar of Sif Muna.
  1107 | D:2      | Found a radiant altar of Vehumet.
  1107 | D:2      | Found an ancient bone altar of Kikubaaqudgha.
  1121 | D:2      | Identified Sif Muna's Grimoire of Hexes
  1129 | D:2      | Identified Vehumet's Disquisition on Confrontation
  1138 | D:2      | Identified Kikubaaqudgha's Reference Book on Dark Secrets
  1260 | D:2      | Gained mutation: You have large cloven feet. [demonic ancestry]
  1260 | D:2      | Reached XP level 4. HP: 37/37 MP: 5/5
  2053 | D:3      | Found a shadowy altar of Dithmenos.
  2150 | D:3      | Reached *** piety under Lugonu
  2729 | D:4      | Noticed an ice beast
  2760 | D:4      | HP: 1/55 [ice beast (3)]
  2760 | D:4      | Slain by an ice beast

Action                   |  1- 3 |  4- 6 || total
-------------------------+-------+-------++-------
Melee: Mace              |   127 |   102 ||   229
  Use: Potion            |       |     6 ||     6
  Eat: Chunk             |     1 |     4 ||     5
